AoeStats
← Mojojoto

Lombardia

507791468Analyzed
4v4 RM · 11d ago on Sep 19, 2026· 62m 25s· 8 players
Game mode
Random Map
Map size
Large (8 player)
Population
200
Speed
Normal
Resources
Standard
Victory
Conquest
Starting age
Dark Age
Ending age
Imperial Age
RankedLock teamsTeams togetherTeam positionsShared explorationLock speedFull tech treeHidden civsTurbo modeCheats
Victory
Defeat
🇺🇸 Armenians · United States
1039
+16
🇬🇧 Spanish · United Kingdom
1014
+17
977
+18
🇨🇴 Celts · Colombia
933
+21
🇩🇪 Malians · Germany
1039
-18
🇺🇸 Sicilians · United States
1033
-18
1024
-18
🇻🇪 Lithuanians · Venezuela
1024
-18
youtube.com/@Murkwilect
7:16 Loom
10:19 Feudal Age
11:16 Double-Bit Axe
11:27 Horse Collar
14:59 Wheelbarrow
22:11 Castle Age
20:52 Bloodlines
20:49 Scale Barding Armor
20:38 Gold Mining
22:47 Forging
24:39 Chain Barding Armor
24:41 Bow Saw
35:51 Iron Casting
35:57 Light Cavalry
38:03 Hand Cart
43:49 Imperial Age
44:05 Fortified Bastions
43:59 Elite Steppe Lancer
46:09 Plate Barding Armor
46:34 Blast Furnace
46:25 Thunderclap Bombs
46:36 Conscription
47:10 Hussar
51:50 Padded Archer Armor
53:19 Hoardings
61:16 Fletching
62:32 Masonry
63:23 Chemistry
62:43 Ballistics
62:29 Siege Engineers
62:19 Murder Holes
moisttoilet
0:30 Loom
10:11 Feudal Age
11:48 Double-Bit Axe
12:01 Town Watch
12:17 Horse Collar
21:15 Castle Age
19:42 Man-at-Arms
20:08 Arson
20:26 Scale Mail Armor
20:41 Long Swordsman
22:29 Wheelbarrow
22:22 Bow Saw
22:15 Gold Mining
24:37 Hand Cart
24:15 Two-Handed Swordsman
25:49 Gambesons
26:05 Squires
26:36 Chain Mail Armor
26:53 Pikeman
30:47 Forging
30:02 Champion
36:53 Imperial Age
36:26 Stone Mining
38:51 Plate Mail Armor
38:16 Capped Ram
40:14 Iron Casting
39:49 Siege Ram
43:01 Fereters
45:14 Conscription
45:34 Halberdier
46:31 Fortified Wall
46:32 Masonry
53:49 Block Printing
53:58 Sanctity
53:48 Fervor
53:33 Heavy Scorpion
55:17 Chemistry
56:16 Murder Holes
58:24 Fletching
58:35 Padded Archer Armor
Doofy69
El Gran Pavka
firestormy
7:20 Loom
10:37 Feudal Age
Mojojoto
10:38 Feudal Age
11:39 Horse Collar
12:40 Double-Bit Axe
13:34 Loom
14:59 Wheelbarrow
21:48 Castle Age
20:15 Bloodlines
21:08 Scale Barding Armor
21:16 Forging
23:21 Husbandry
24:11 Bow Saw
24:59 Heavy Plow
26:53 Pikeman
31:50 Hand Cart
33:13 Chain Barding Armor
33:29 Iron Casting
34:05 Fletching
34:18 Scale Mail Armor
34:22 Squires
41:05 Imperial Age
40:08 Hill Forts
40:13 Bodkin Arrow
43:29 Elite Leitis
45:48 Plate Barding Armor
46:26 Bracer
48:49 Halberdier
51:05 Murder Holes
51:21 Masonry
[OIDA] NoTradeBeforeImp
4:33 Loom
11:58 Feudal Age
12:49 Town Watch
16:38 Castle Age
14:50 Double-Bit Axe
16:01 Horse Collar
17:34 Squires
24:16 Gold Mining
24:17 Stone Mining
24:20 Crossbowman
26:02 Wheelbarrow
26:06 Fletching
26:56 Bodkin Arrow
27:54 Ballistics
28:07 Padded Archer Armor
28:08 Scale Mail Armor
29:40 Thumb Ring
33:11 Hand Cart
35:16 Gold Shaft Mining
35:51 Leather Archer Armor
36:58 Chain Mail Armor
37:01 Arson
38:19 Forging
38:58 Masonry
39:23 Town Patrol
40:13 Iron Casting
44:47 Imperial Age
44:49 Halberdier
44:51 Arbalester
45:49 Bracer
46:20 Ring Archer Armor
46:21 Plate Mail Armor
46:51 Blast Furnace
46:27 Conscription
48:02 Blast Furnace
48:08 Chemistry
49:43 Murder Holes
53:03 Torsion Engines
57:08 Siege Engineers
59:54 Bow Saw
60:32 Elite Skirmisher
4ze3p0
5:57 Loom
Connection lost

Rejoining the realm…

Still unreachable

The connection could not be restored.

Session expired

The server has moved on; the page needs a fresh start.